 Dungeon Crawl Stone Soup version 0.23-a0-681-g26ad783 (webtiles) character file.

103467 ohad the Black Belt (level 16, -2/130 HPs)
             Began as a Merfolk Transmuter on Jan 3, 2019.
             Was the Champion of Okawaru.
             Slain by a cyan ugly thing (14 damage)
             ... on level 15 of the Dungeon on Jan 10, 2019.
             The game lasted 01:28:04 (31861 turns).

ohad the Black Belt (Merfolk Transmuter)           Turns: 31861, Time: 01:28:05

Health: -2/130     AC: 14    Str: 11    XL:     16   Next: 36%
Magic:  16/23      EV: 23    Int: 18    God:    Okawaru [******]
Gold:   1426       SH:  0    Dex: 15    Spells: 9/25 levels left

rFire    . . .     SeeInvis .     - Unarmed
rCold    + . .     Gourm    .   (shield currently unavailable)
rNeg     + . .     Faith    .   S - +2 leather armour of Ethics {rN+ Slay+3}
rPois    .         Spirit   .   w - +0 helmet
rElec    .         Reflect  .   a - +0 cloak
rCorr    .         Harm     .   (gloves currently unavailable)
MR       +....                  h - +0 pair of boots
Stlth    ++++......             (no amulet)
HPRegen  0.31/turn              D - ring of protection from cold
MPRegen  0.18/turn              A - +3 ring of protection

@: blade hands, heroism
A: change form in water, swift swim, stealthy swim
a: End Transformation, Heroism, Finesse, Renounce Religion


You were on level 15 of the Dungeon.
You worshipped Okawaru.
Okawaru was exalted by your worship.
You were hungry.
You had blades for hands.
You visited 3 branches of the dungeon, and saw 22 of its levels.
You also visited: Sewer.

You collected 1701 gold pieces.
You spent 275 gold pieces at shops.

Inventory:

Hand Weapons
 V - a +2 short sword of distortion
Missiles
 o - 19 tomahawks (quivered)
 q - 530 arrows
Armour
 a - a +0 cloak (worn)
 e - a scarf of cloud immunity
 h - a +0 pair of boots (worn)
 l - a +2 ring mail of fire resistance
 w - a +0 helmet (worn)
 L - a +2 chain mail of fire resistance
 N - the +3 leather armour of the Orb Guardian {rPois rF+}
   (You found it on level 9 of the Dungeon)

   It protects you from fire.
   It protects you from poison.
 O - a +0 troll leather armour
 S - the +2 leather armour of Ethics (worn) {rN+ Slay+3}
   (You found it on level 13 of the Dungeon)

   It affects your accuracy and damage with ranged weapons and melee attacks
   (+3).
   It protects you from negative energy.
 X - a +2 robe of magic resistance
Jewellery
 j - an uncursed ring of magical power
 m - an uncursed ring of resist corrosion
 A - a +3 ring of protection (right scythe-like blade)
 C - an uncursed ring of positive energy
 D - a ring of protection from cold (left scythe-like blade)
 G - an uncursed ring of ice
Wands
 b - a wand of disintegration (10)
 F - a wand of polymorph (5)
 U - a wand of digging (3)
Scrolls
 f - 5 scrolls of fear
 g - 10 scrolls of remove curse
 i - 2 scrolls of fog
 n - 12 scrolls of teleportation
 r - a scroll of enchant weapon
 s - a scroll of blinking {unknown}
 x - 2 scrolls of magic mapping
 y - 3 scrolls of enchant armour
 z - a scroll of summoning {unknown}
 J - 2 scrolls of immolation {unknown}
 M - a scroll of holy word {unknown}
 Q - a scroll of silence {unknown}
 T - a scroll of brand weapon {unknown}
 Y - 3 scrolls of noise {unknown}
 Z - a scroll of vulnerability {unknown}
Potions
 c - 7 potions of agility
 k - a potion of might
 p - 10 potions of flight
 t - 4 potions of heal wounds
 u - 3 potions of lignification
 v - 8 potions of curing
 B - 2 potions of cancellation
 E - 2 potions of invisibility {unknown}
 H - a potion of resistance
 I - 2 potions of ambrosia
 P - 5 potions of haste
 R - 4 potions of berserk rage
 W - a potion of mutation
Comestibles
 d - 29 rations
 K - 5 chunks of flesh


   Skills:
 - Level 13.1(18.1) Fighting
 - Level 6.1(11.1) Armour
 - Level 11.0(16.0) Dodging
 - Level 5.0(10.0) Stealth
 - Level 19.0(24.0) Unarmed Combat
 + Level 5.0 Spellcasting
 - Level 12.6 Transmutations
 - Level 3.3 Ice Magic
 - Level 7.6 Invocations


You had 9 spell levels left.
You knew the following spells:

 Your Spells              Type           Power        Failure   Level  Hunger
a - Beastly Appendage     Tmut           #####.       7%          1    None
b - Sticks to Snakes      Tmut           #####...     8%          2    #......
c - Spider Form           Tmut/Pois      ####......   28%         3    ##.....
d - Ice Form              Ice/Tmut       ####....     36%         4    ####...
e - Blade Hands           Tmut           #####.....   24%         5    ######.
f - Summon Butterflies    Summ           #.......     56%         1    None

Your spell library contained the following spells:

 Spells                   Type           Power        Failure   Level  Hunger
 Ensorcelled Hibernation  Hex/Ice        ##....       52%         2    #......
 Apportation              Tloc           #.....       56%         1    None
 Corona                   Hex            #......      56%         1    None
 Sandblast                Erth           #.....       56%         1    None
 Alistair's Intoxication  Tmut/Pois      ####....     77%         5    ######.
 Yara's Violent Unravell  Hex/Tmut       ####......   77%         5    ######.
 Confuse                  Hex            #.......     83%         3    ##.....
 Dazzling Spray           Conj/Hex       #.....       83%         3    ##.....
 Lesser Beckoning         Tloc           #.........   83%         3    ##.....
 Recall                   Summ/Tloc      N/A          83%         3    ##.....
 Tukima's Dance           Hex            #.......     83%         3    ##.....
 Cause Fear               Hex            #.........   99%         4    ####...
 Leda's Liquefaction      Hex/Erth       #.........   99%         4    ####...
 Lee's Rapid Deconstruct  Erth           #.........   100%        5    ######.
 Silence                  Hex/Air        #.........   100%        5    ######.
 Summon Mana Viper        Hex/Summ       #.......     100%        5    ######.
 Deflect Missiles         Chrm/Air       #.........   100%        6    #######
 Invisibility             Hex            #.......     100%        6    #######
 Discord                  Hex            #.........   100%        8    #######


Dungeon Overview and Level Annotations

Branches:
Dungeon (15/15)            Temple (1/1) D:7            Lair (6/6) D:10
 Shoals (0/4) Lair:4        Snake (0/4) Lair:3        Slime (0/5) Lair:5
    Orc (0/2) D:9          Vaults (0/5) D:14         Depths (0/5) D:15

Altars:
Ashenzari
Cheibriados
Dithmenos
Elyvilon
Fedhas
Gozag
Hepliaklqana
Kikubaaqudgha
Makhleb
Nemelex Xobeh
Okawaru
Qazlal
Ru
Sif Muna
Trog
Uskayaw
Vehumet
Wu Jian
Xom
Yredelemnul
Zin
The Shining One

Shops:
D:5 ?   D:6 (   D:13 !

Annotations:
D:5 2 runed doors, MisterFreud's ghost, amateur MiAK
D:10 2 transporters


Message History

You feel sick. The cyan ugly thing closely misses you.
You gain the combat prowess of a mighty hero.
You feel sick.
The cyan ugly thing basks in the mutagenic energy from its kin and changes!
You slice the green ugly thing!!
You kill the green ugly thing!
Okawaru accepts your kill.
Your Spellcasting skill increases to level 5!
You feel sick.
You feel sick. The cyan ugly thing trunk-slaps you.
* * * LOW HITPOINT WARNING * * *
The cyan ugly thing shocks you!
* * * LOW HITPOINT WARNING * * *
Things that are here:
an ugly thing corpse an ugly thing corpse You feel better.
The cyan ugly thing trunk-slaps you.
* * * LOW HITPOINT WARNING * * *
The cyan ugly thing shocks you!
You die... ##......... #.......... #### ####........#. ....# #.)........... ....## ##...#......... #...# #....#......... #... ## #..# #.....[........ #... ##yy #..####.............. #... #yww #..u@)............... #... ywwy

#...###...#...#......
#... yy##..##
#####...#)#####
#...## ###..#
#...#)÷...#
#....######...# ##
#.#.#..#
#.†....÷...##
..#...#.#
##........##
#..#.....#
#.......##### #.
#>..#.. ###.....#
#..####.##


You could see a cyan ugly thing.

Vanquished Creatures
  Azrael (D:15)
  Nessos (D:12)
  An ettin (D:15)
  An ogre mage (D:15)
  4 vault guards
  3 hydras
  A rakshasa (D:14)
  A death knight (D:13)
  4 centaur warriors
  3 catoblepae (Lair:6)
  2 two-headed ogres
  Erica (Lair:1)
  7 death yaks (Lair:6)
  3 tengu warriors
  2 deep elf knights (D:15)
  Nergalle (D:10)
  4 unseen horrors
  A wizard (D:14)
  A deep troll (D:15)
  A deep elf archer (D:14)
  An orc knight (D:14)
  4 wolf spider zombies
  3 deep elf magi
  A cyclops (D:14)
  9 ugly things
  14 elephants
  2 black mambas
  5 manticores
  4 orange demons
  6 gargoyles
  A torpor snail (Lair:6)
  11 spiny frogs
  4 kobold demonologists (D:15)
  8 komodo dragons
  3 rime drakes
  An efreet (D:15)
  3 freezing wraiths (D:14)
  3 trolls
  A tengu conjurer (D:14)
  2 hornets (D:13)
  5 blink frogs
  9 slime creatures
  8 hippogriffs
  A snapping turtle (Lair:4)
  6 dream sheep (Lair:4)
  2 centaur simulacra (D:15)
  A spriggan (D:8)
  47 yaks
  2 yaks (shapeshifter)
  A tarantella (shapeshifter) (D:14)
  4 fire elementals (D:15)
  3 wyverns
  5 basilisks
  7 humans
  2 wraiths (D:14)
  4 hungry ghosts
  A warg (D:14)
  7 vampire mosquitoes
  An insubstantial wisp (Lair:4)
  14 water moccasins
  5 nagas (Lair:3)
  Duvessa (D:4)
  3 hell hounds (D:15)
  8 porcupines
  An ice beast (D:6)
  13 orc warriors
  5 sky beasts
  5 black bears
  A hornet zombie (D:8)
  7 necrophages
  2 phantoms
  6 wolves (Lair:4)
  10 ogres
  8 crocodiles
  10 centaurs
  4 big kobolds
  17 bullfrogs
  A water moccasin skeleton (D:10)
  13 scorpions
  Dowan (D:4)
  13 killer bees
  7 wights
  5 crimson imps
  5 centaur zombies
  3 howler monkeys
  2 quasits (D:8)
  9 hounds
  5 jellies
  8 orc priests
  2 bullfrog skeletons
  20 orc wizards
  7 centaur skeletons
  Terence (D:2)
  13 worker ants
  2 worker ant zombies
  18 adders
  5 gnolls
  5 river rats (Sewer)
  4 shadow imps
  4 oozes
  3 adder skeletons
  4 worms
  5 dart slugs
  8 leopard geckos
  65 orcs
  7 ball pythons
  13 giant cockroaches
  7 goblins
  9 hobgoblins
  3 jackals (D:6)
  8 quokkas
  7 bats
  3 frilled lizards (D:1)
  35 kobolds
  A leopard gecko skeleton (D:5)
  2 leopard gecko zombies
  32 rats
  2 plants
732 creatures vanquished.

Vanquished Creatures (collateral kills)
  Sonja (D:10)
  An ogre (D:7)
  An adder (Sewer)
  A goblin (D:3)
4 creatures vanquished.

Vanquished Creatures (others)
  A human (D:14)
  12 fungi
  5 plants
18 creatures vanquished.

Grand Total: 754 creatures vanquished

Notes
Turn   | Place    | Note
-------+----------+-------------------------------------------
     0 | D:1      | ohad the Merfolk Transmuter began the quest for the Orb.
     0 | D:1      | Reached XP level 1. HP: 15/15 MP: 3/3
    96 | D:1      | Reached XP level 2. HP: 15/21 MP: 3/5
   431 | D:1      | Learned a level 2 spell: Sticks to Snakes
   451 | D:1      | Reached XP level 3. HP: 15/26 MP: 2/6
   816 | D:1      | Reached skill level 5 in Transmutations
  1021 | D:1      | Learned a level 3 spell: Spider Form
  1249 | D:1      | Reached XP level 4. HP: 32/32 MP: 3/7
  1512 | D:2      | Noticed Terence
  1531 | D:2      | Killed Terence
  1531 | D:2      | Reached XP level 5. HP: 24/37 MP: 3/8
  2043 | D:2      | Found a sacrificial altar of Ru.
  2047 | D:2      | Found a shimmering altar of Xom.
  2047 | D:2      | Found an ancient bone altar of Kikubaaqudgha.
  2050 | D:2      | Found a bloodstained altar of Trog.
  2050 | D:2      | Found a glowing golden altar of the Shining One.
  2050 | D:2      | Found a deep blue altar of Sif Muna.
  2263 | D:2      | Found a radiant altar of Vehumet.
  2263 | D:2      | Found a glowing silver altar of Zin.
  2263 | D:2      | Found a hazy altar of Hepliaklqana.
  2381 | D:2      | Found a shattered altar of Ashenzari.
  3070 | D:3      | Found a sacrificial altar of Ru.
  3239 | D:4      | Found a glowing drain.
  3271 | Sewer    | Entered a sewer
  3372 | Sewer    | Reached XP level 6. HP: 31/43 MP: 6/9
  4030 | Sewer    | Learned a level 4 spell: Ice Form
  4240 | Sewer    | Reached skill level 1 in Ice Magic
  4910 | D:5      | Entered Level 5 of the Dungeon
  4936 | D:5      | Noticed Duvessa
  4939 | D:5      | Noticed a phantom
  4949 | D:4      | Reached XP level 7. HP: 39/48 MP: 6/10
  4981 | D:5      | Noticed Dowan
  5292 | D:4      | Killed Dowan
  5299 | D:4      | Killed Duvessa
  5565 | D:5      | Reached XP level 8. HP: 57/57 MP: 3/12
  5781 | D:5      | Found a runed door.
  5802 | D:5      | Noticed MisterFreud's ghost (amateur MiAK)
  6181 | D:5      | Found Mareir's Magic Scroll Emporium.
  6184 | D:5      | Bought a scroll of teleportation for 45 gold pieces
  6184 | D:5      | Bought a scroll of identify for 30 gold pieces
  6184 | D:5      | Bought a scroll of identify for 30 gold pieces
  6242 | D:5      | Found a runed door.
  6361 | D:5      | Found an ancient bone altar of Kikubaaqudgha.
  6430 | D:5      | Reached skill level 4 in Unarmed Combat
  6637 | D:6      | Reached skill level 5 in Unarmed Combat
  6775 | D:6      | Found Puco's Weapon Shop.
  6796 | D:6      | Reached skill level 6 in Unarmed Combat
  6889 | D:6      | Reached skill level 7 in Unarmed Combat
  6889 | D:6      | Reached XP level 9. HP: 45/67 MP: 6/13
  7163 | D:6      | Reached skill level 8 in Unarmed Combat
  7981 | D:7      | Found a staircase to the Ecumenical Temple.
  7993 | Temple   | Entered the Ecumenical Temple
  8356 | D:7      | Reached skill level 5 in Dodging
  8404 | D:7      | Found an iron altar of Okawaru.
  8405 | D:7      | Found a sparkling altar of Nemelex Xobeh.
  8409 | D:7      | Became a worshipper of Warmaster Okawaru
  8418 | D:7      | Reached skill level 1 in Invocations
  8671 | D:7      | Found a shadowy altar of Dithmenos.
  8775 | D:7      | Found a deep blue altar of Sif Muna.
  9183 | D:8      | Reached * piety under Okawaru
  9373 | D:8      | Reached XP level 10. HP: 73/73 MP: 9/14
  9425 | D:8      | Found a burning altar of Makhleb.
  9960 | D:8      | Learned a level 5 spell: Blade Hands
  9969 | D:8      | Reached skill level 10 in Dodging
 10104 | D:8      | Found a burning altar of Makhleb.
 10272 | D:8      | Reached ** piety under Okawaru
 10875 | D:9      | Found a staircase to the Orcish Mines.
 10963 | D:9      | Reached skill level 9 in Unarmed Combat
 11516 | D:9      | Reached skill level 10 in Unarmed Combat
 11769 | D:9      | Reached *** piety under Okawaru
 11769 | D:9      | Reached skill level 5 in Fighting
 11770 | D:9      | Found a hide-covered altar of Uskayaw.
 11801 | D:9      | Got a scorched leather armour
 11859 | D:10     | Entered Level 10 of the Dungeon
 11859 | D:10     | Noticed Nergalle
 11860 | D:10     | Noticed Sonja
 12230 | D:10     | Reached XP level 11. HP: 83/83 MP: 11/15
 12293 | D:10     | Noticed a two-headed ogre
 12306 | D:10     | Killed a two-headed ogre
 12544 | D:10     | Reached **** piety under Okawaru
 12752 | D:10     | Found a transporter.
 12752 | D:10     | Noticed a death knight
 12753 | D:10     | Noticed a centaur warrior
 12754 | D:10     | Noticed an ogre mage
 12760 | D:10     | Noticed an ogre mage
 13049 | D:11     | Reached skill level 5 in Stealth
 13215 | D:11     | Reached skill level 11 in Unarmed Combat
 13484 | D:12     | Noticed Nessos
 13772 | D:12     | HP: 1/86 [Nessos/arrow (4)]
 14417 | D:12     | Reached ***** piety under Okawaru
 14866 | D:12     | Reached skill level 12 in Unarmed Combat
 15101 | D:12     | Killed Nessos
 15758 | D:13     | Reached skill level 13 in Unarmed Combat
 15761 | D:13     | Reached XP level 12. HP: 83/92 MP: 11/16
 15860 | D:13     | Learned a level 1 spell: Summon Butterflies
 16090 | D:10     | Killed Sonja
 16135 | D:10     | Killed Nergalle
 16171 | D:10     | Found a transporter.
 16175 | D:10     | Found a staircase to the Lair.
 16360 | Lair:1   | Entered Level 1 of the Lair of Beasts
 16542 | Lair:1   | Noticed a five-headed hydra
 16557 | Lair:1   | Killed a five-headed hydra
 16557 | Lair:1   | Reached skill level 14 in Unarmed Combat
 17144 | Lair:1   | Noticed Erica
 17151 | Lair:1   | Killed Erica
 18364 | Lair:2   | Received a gift from Okawaru
 18375 | Lair:2   | Got a brightly glowing crystal plate armour {god gift}
 18424 | Lair:2   | Identified the +2 crystal plate armour "Dulou" {Dex+4}
                  | (Okawaru gifted it to you on level 2 of the Lair of Beasts)
 18434 | Lair:2   | Identified the +3 leather armour of the Orb Guardian {rPois
                  | rF+} (You found it on level 9 of the Dungeon)
 18520 | Lair:2   | Reached skill level 1 in Armour
 18872 | Lair:2   | You fall through a shaft for 2 floors!
 19360 | Lair:2   | Reached ****** piety under Okawaru
 19766 | Lair:3   | Reached XP level 13. HP: 101/108 MP: 17/17
 19879 | Lair:3   | Reached skill level 15 in Unarmed Combat
 19879 | Lair:3   | Reached XP level 14. HP: 115/115 MP: 18/18
 20452 | Lair:3   | Found a staircase to the Snake Pit.
 20937 | Lair:4   | Reached skill level 16 in Unarmed Combat
 20984 | Lair:3   | HP: 4/115 [elephant (6)]
 21498 | Lair:4   | Received a gift from Okawaru
 22125 | Lair:4   | Found a staircase to the Shoals.
 22406 | Lair:5   | Found a staircase to the Slime Pits.
 22516 | Lair:5   | Reached skill level 17 in Unarmed Combat
 22611 | Lair:5   | You fall through a shaft!
 22611 | Lair:6   | Entered Level 6 of the Lair of Beasts
 23369 | Lair:6   | Identified the Handbook of Earthen Summoning
 23457 | Lair:6   | Received a gift from Okawaru
 23457 | Lair:6   | Reached skill level 18 in Unarmed Combat
 23984 | Lair:6   | Reached XP level 15. HP: 56/120 MP: 19/19
 24433 | Lair:6   | Reached skill level 19 in Unarmed Combat
 26154 | D:13     | Found Qeotul's Distillery.
 26158 | D:13     | Bought a potion of heal wounds for 85 gold pieces
 26158 | D:13     | Bought a potion of heal wounds for 85 gold pieces
 26466 | D:13     | Reached skill level 5 in Invocations
 26824 | D:13     | Got a transparent leather armour
 26836 | D:13     | Identified the +2 leather armour of Ethics {rN+ Slay+3}
                  | (You found it on level 13 of the Dungeon)
 27025 | D:13     | Upgraded the game from 0.23-a0-650-ga4d50d4 to
                  | 0.23-a0-681-g26ad783
 27082 | D:13     | Received a gift from Okawaru
 28576 | D:13     | Received a gift from Okawaru
 29390 | D:14     | Reached skill level 5 in Armour
 29942 | D:14     | Found a gate to the Vaults.
 30083 | D:15     | Entered Level 15 of the Dungeon
 30704 | D:15     | Reached skill level 10 in Transmutations
 30734 | D:15     | Reached XP level 16. HP: 129/130 MP: 21/21
 30765 | D:15     | Received a gift from Okawaru
 31448 | D:15     | Found a staircase to the Depths.
 31458 | D:15     | Noticed Azrael
 31483 | D:15     | Killed Azrael
 31847 | D:15     | Received a gift from Okawaru
 31859 | D:15     | Reached skill level 5 in Spellcasting
 31860 | D:15     | HP: 5/130 [cyan ugly thing (15)]
 31861 | D:15     | Slain by a cyan ugly thing

Vault maps used:
D:1:      dpeg_arrival_tiny_h, minmay_misc_feat_chi
D:2:      ashenzari_altar_1, gammafunk_temple_overflow_forgotten,
          doesnt_xom_only_xom, first_ration, uniq_terence
D:3:      lemuel_coloured_pillars_altar
D:4:      portal_sewer_entry_f, minmay_cupped
D:5:      kiku_gazebo_garden_becter, ebering_ghost_sewer_f, serial_shops,
          kennysheep_mini_moat, uniq_duvessa
D:6:      serial_aquarium, aquarium_bridge_square, aquarium_window_3,
          aquarium_window_1, aquarium_window_1, aquarium_view_2b,
          aquarium_view_2c, serial_shops, shop, minivault_19
D:7:      led_sif_pool, nicolae_dithmenos_the_darkroom,
          gammafunk_temple_overflow_statue, minmay_temple_entry_metal_lava
D:8:      bloody_makhleb, basic_altar, the_bakery
D:9:      minmay_spotlight, eat_drink_and_be_merry_uskayaw, erik_orc_4
D:10:     gammafunk_the_bubble, dpeg_oklobed_lair, uniq_sonja, uniq_nergalle
D:11:     minmay_microvault
D:12:     uniq_nessos
D:13:     serial_glass, glass_columns_b, glass_columns_a, serial_shops, shop
D:14:     ximxim_vaults_locker_room, hangedman_decor_peaks_small,
          einodemon_barbed_minivault
D:15:     hangedman_depths_entry_civil_slaughter, lemuel_round_altar,
          serial_park, serial_park_tiny_1, serial_park_square3,
          serial_park_tiny_pond, serial_shops, shop, hive_lemuel, uniq_azrael
Temple:   compressed_dpeg_triangle_lava_temple
Lair:1:   infiniplex_staircase_pool_2, uniq_erica
Lair:2:   roderic_carrion_pond
Lair:3:   wad_woods_structure_01, minmay_snake_entry_guardpost_large
Lair:4:   minmay_shoals_entry_hut, chequers_serial_rivers_small_3, pond,
          serial_bayou_shore_b, grunt_megastairs_3
Lair:5:   minmay_slime_entry_pillars, serial_bayou_shore_b
Lair:6:   evilmike_catoblepas_cave
Sewer:    sewer_minmay_treatment

Skill      XL: |  1  2  3  4  5  6  7  8  9 10 11 12 13 14 15 16 |
---------------+-------------------------------------------------+-----
Transmutations | 3 4 5 6 8 9 10 12 | 12.6
Ice Magic      | 3 |  3.3
Spellcasting   | 3 5 |  5.0
Fighting       | 2 4 6 7 12 13 | 13.1
Unarmed Combat | 7 8 10 13 14 15 18 19 | 19.0
Dodging        | 8 11 | 11.0
Invocations    | 2 7 |  7.6
Stealth        | 5 |  5.0
Armour         | 3 6 |  6.1

Action                   |  1- 3 |  4- 6 |  7- 9 | 10-12 | 13-15 | 16-18 || total
-------------------------+-------+-------+-------+-------+-------+-------++-------
Melee: Unarmed           |    75 |   294 |   320 |   608 |   730 |   123 ||  2150
       Headbutt          |     8 |     1 |       |       |       |       ||     9
       Tailslap          |       |     1 |       |       |       |       ||     1
       Punch             |       |       |       |    13 |    46 |     9 ||    68
 Cast: Beastly Appendage |    12 |     3 |       |     1 |     1 |       ||    17
       Sticks to Snakes  |     1 |     4 |     6 |    11 |       |       ||    22
       Spider Form       |     2 |    36 |     1 |       |       |       ||    39
       Ice Form          |       |       |    35 |    31 |     6 |       ||    72
       Blade Hands       |       |       |       |    42 |    55 |    10 ||   107
Invok: Heroism           |       |       |       |    10 |     9 |     5 ||    24
 Abil: End Transformatio |       |       |       |     1 |     1 |       ||     2
  Use: Scroll            |       |     7 |     5 |     7 |     5 |       ||    24
       Potion            |       |       |     2 |     7 |     4 |     2 ||    15
 Stab: Sleeping          |     2 |     2 |       |    13 |    10 |       ||    27
       Distracted        |       |     5 |       |     1 |       |     1 ||     7
       Petrified         |       |       |       |       |     4 |       ||     4
  Eat: Chunk             |     2 |    17 |    21 |    47 |    37 |     6 ||   130
       Ration            |       |       |     1 |     4 |     6 |       ||    11
Armor: Robe              |     3 |    16 |     4 |    42 |       |       ||    65
       Skin              |     1 |    20 |    96 |    57 |    12 |       ||   186
       Leather armour    |       |       |       |     5 |   157 |    18 ||   180
Dodge: Dodged            |    38 |   267 |   182 |   477 |   545 |    70 ||  1579

Table legend:
 A = Non-vault XP
 B = Vault XP
 C = Vault XP percentage of total XP
 D = Non-vault monster count
 E = Vault monster count
 F = Vault count percentage of total count
                 A         B        C        D         E       F
            +---------+---------+-------+---------+---------+-------
      Total |   80815 |   44958 |  35.7 |     544 |     186 |  25.5
            +---------+---------+-------+---------+---------+-------
        D:1 |      88 |       0 |   0.0 |      30 |       0 |   0.0
        D:2 |     100 |      36 |  26.5 |      27 |       1 |   3.6
        D:3 |      55 |       0 |   0.0 |      20 |       0 |   0.0
        D:4 |     424 |     263 |  38.3 |      15 |      10 |  40.0
        D:5 |     583 |       0 |   0.0 |      22 |       0 |   0.0
        D:6 |    1241 |       0 |   0.0 |      36 |       0 |   0.0
        D:7 |     857 |       0 |   0.0 |      21 |       0 |   0.0
        D:8 |    2107 |     215 |   9.3 |      29 |       1 |   3.3
        D:9 |    1773 |    1067 |  37.6 |      40 |      20 |  33.3
       D:10 |    2962 |    1562 |  34.5 |      22 |       2 |   8.3
       D:11 |    2530 |     206 |   7.5 |      24 |       1 |   4.0
       D:12 |    2352 |    1212 |  34.0 |      27 |       1 |   3.6
       D:13 |    8637 |    2682 |  23.7 |      38 |       5 |  11.6
       D:14 |   14510 |    6717 |  31.6 |      46 |      20 |  30.3
       D:15 |   13915 |    8929 |  39.1 |      35 |      17 |  32.7
     Lair:1 |    3161 |     897 |  22.1 |      12 |       1 |   7.7
     Lair:2 |    3239 |     697 |  17.7 |      16 |       6 |  27.3
     Lair:3 |    4260 |    3842 |  47.4 |      13 |      15 |  53.6
     Lair:4 |    5464 |    3407 |  38.4 |      28 |      11 |  28.2
     Lair:5 |    2081 |     857 |  29.2 |       9 |       4 |  30.8
     Lair:6 |   10476 |   12213 |  53.8 |      34 |      23 |  40.4
      Sewer |       0 |     156 | 100.0 |       0 |      48 | 100.0
            +---------+---------+-------+---------+---------+-------
